 Dungeon Crawl Stone Soup version 0.18-a0-662-gcaceebc (webtiles) character file.

50 GeneralIdiocy the Insei (level 3, 9/29 HPs)
             Began as a Demonspawn Monk on Dec 5, 2015.
             Quit the game on level 2 of the Dungeon.
             The game lasted 00:02:23 (1288 turns).

GeneralIdiocy the Insei (Demonspawn Monk)           Turns: 1288, Time: 00:02:23

Health: 9/29       AC:  4    Str: 11    XL:     3   Next: 55%
Magic:  3/3        EV:  9    Int: 11    God:
Gold:   81         SH:  9    Dex: 16    Spells: 0 memorised, 2 levels left

rFire  + . .     SeeInvis .       - Unarmed
rCold  . . .     Clarity  .     q - +0 leather armour
rNeg   + . .     SustAt   .     g - +0 shield
rPois  .         Gourm    .     j - +0 helmet
rElec  +         Spirit   .     (no cloak)
rCorr  .         Dismiss  .     (no gloves)
rMut   .         Stasis   .     (no boots)
MR     .....                    (no amulet)
Stlth  ++........               h - ring of protection from fire
                                c - ring of positive energy

@: very slightly contaminated, not resistant to hostile enchantments, unstealthy
A: talons 1, large bone plates 1, deformed body, electricity resistance, wild
magic 1
a: no special abilities


You were on level 2 of the Dungeon.
You were very hungry.

You visited 1 branch of the dungeon, and saw 2 of its levels.

You collected 81 gold pieces.

Inventory:

Armour
 g - a +0 shield (worn)
 j - a +0 helmet (worn)
 q - a +0 leather armour (worn)
Jewellery
 a - an uncursed amulet of dismissal
 c - a ring of positive energy (left hand)
 h - a ring of protection from fire (right hand)
 n - an uncursed ring of see invisible
Scrolls
 d - a scroll of remove curse {unknown}
 e - 2 scrolls of enchant weapon {unknown}
 f - 2 scrolls of blinking {unknown}
 l - a scroll of amnesia {unknown}
 m - a scroll of enchant armour {unknown}
Potions
 o - a potion of curing
 p - a potion of cancellation
Comestibles
 b - a bread ration
 k - 2 meat rations


   Skills:
 - Level 3.0 Fighting
 - Level 2.6 Dodging
 - Level 1.7 Stealth
 + Level 4.8 Unarmed Combat


You had 2 spell levels left.
You didn't know any spells.

Dungeon Overview and Level Annotations

Branches:
Dungeon (2/15)

Altars:


Innate Abilities, Weirdness & Mutations

You are partially covered in large bone plates (AC +2, SH +2).
You have sharp toenails.
Armour fits poorly on your strangely shaped body.
You are resistant to electric shocks.
Your spells are a little harder to cast, but a little more powerful.


Message History

You see here an adder corpse.
You feel sick.
You start resting.
You are feeling very hungry.
You feel sick.
You start resting.
You feel sick. x6
You are no longer poisoned.
You start resting.
A goblin comes into view. It is wielding a dagger.
A goblin is nearby!
You are too injured to fight recklessly!
You are too injured to fight recklessly!
The goblin shouts!
You closely miss the goblin. Your kick misses the goblin.
The goblin hits you but does no damage.
You hit the goblin.
You kill the goblin!
You see here a dagger.
Are you sure you want to abandon this character and quit the game? (Confirm with "yes".)

####### ##.# ....... ..# #####
####### . #.# ##...## #.
#.#############.###.#
#.##...............# #.##
#########.#..†#########....###...
.........................##...###
########............###..###.## #
#..#....)@...###..###.#### #
#..#...)..................
########....#.......####.###.####
..........###.......# #.# #.#
..........# #.......# #.# #.#
########.## ####.#.## #.# #.# #.#
#.#.# ###.###.#### #.# #.#.#
#........... #.# #.#.#
#.#####.####


There were no monsters in sight!

Vanquished Creatures
  2 adders (D:2)
  A worm (D:2)
  A giant gecko (D:2)
  2 bats
  A giant cockroach (D:1)
  4 hobgoblins
  4 kobolds (D:1)
  7 goblins
  5 rats (D:1)
27 creatures vanquished.

Notes
Turn   | Place    | Note
--------------------------------------------------------------
     0 | D:1      | GeneralIdiocy the Demonspawn Monk began the quest for the Orb.
     0 | D:1      | Reached XP level 1. HP: 18/18 MP: 1/1
   381 | D:1      | Reached skill level 4 in Unarmed Combat
   382 | D:1      | Gained mutation: You are partially covered in large bone plates (AC +2, SH +2). [demonic ancestry]
   382 | D:1      | Reached XP level 2. HP: 10/24 MP: 2/2
   939 | D:2      | Reached XP level 3. HP: 26/29 MP: 3/3
  1104 | D:2      | Gained mutation: Armour fits poorly on your strangely shaped body. [mutagenic glow]
  1106 | D:2      | Gained mutation: You have sharp toenails. [potion of mutation]
  1106 | D:2      | Gained mutation: Your spells are a little harder to cast, but a little more powerful. [potion of mutation]
  1106 | D:2      | Gained mutation: You are resistant to electric shocks. [potion of mutation]
  1288 | D:2      | Quit the game

Vault maps used:
D:1:      dpeg_arrival_boxes_within_box
D:2:      uniq_terence

Action                   || total
-------------------------++-------
Melee: Unarmed           ||   116
  Use: Scroll            ||     2
       Potion            ||     2
 Stab: Sleeping          ||     5
